AoeStats
← MkobeW

Oasis

510184879Analyzed
2v2 RM · 1d ago on Sep 29, 2026· 24m 10s· 4 players
Game mode
Random Map
Map size
Medium (4 player)
Population
200
Speed
Normal
Resources
Standard
Victory
Conquest
Starting age
Dark Age
Ending age
Imperial Age
RankedLock teamsTeams togetherTeam positionsShared explorationLock speedFull tech treeHidden civsTurbo modeCheats
Victory
Defeat
🇺🇸 Gurjaras · United States
1116
+17
🇺🇸 Koreans · United States
1103
+51
🇨🇴 Hindustanis · Colombia
1153
-18
🇨🇴 Huns · Colombia
1124
-17
MkobeW
10:45 Feudal Age
14:48 Castle Age
13:05 Double-Bit Axe
14:33 Gold Mining
14:29 Horse Collar
18:51 Loom
21:12 Scale Mail Armor
22:30 Chain Mail Armor
slowcastle
5:35 Loom
10:40 Feudal Age
17:23 Castle Age
18:07 Horse Collar
18:14 Double-Bit Axe
20:06 Wheelbarrow
20:39 Bow Saw
21:05 Town Watch
FC_ZIZOU
3:06 Loom
10:57 Feudal Age
17:04 Castle Age
15:29 Double-Bit Axe
15:40 Horse Collar
16:36 Gold Mining
24:26 Fletching
24:41 Husbandry
FC_CamShaca
6:36 Loom
9:06 Feudal Age
10:09 Town Watch
10:59 Double-Bit Axe
15:44 Horse Collar
20:32 Castle Age
18:43 Gold Mining
20:56 Fletching
21:32 Bodkin Arrow
Connection lost

Rejoining the realm…

Still unreachable

The connection could not be restored.

Session expired

The server has moved on; the page needs a fresh start.